 Dungeon Crawl Stone Soup version 0.22.0-38-g04b72b8 (webtiles) character file.

72 leisz the Skirmisher (level 4, -3/35 HPs)
             Began as a Demonspawn Abyssal Knight on Aug 26, 2018.
             Was a Believer of Lugonu.
             Splashed by a jelly's acid (6 damage)
             ... on level 3 of the Dungeon.
             The game lasted 00:05:07 (1546 turns).

leisz the Skirmisher (Demonspawn Abyssal Knight)    Turns: 1546, Time: 00:05:07

Health: -3/35      AC: -4    Str: 12    XL:     4   Next: 6%
Magic:  0/6        EV:  7    Int: 13    God:    Lugonu [**....]
Gold:   153        SH: 10    Dex: 14    Spells: 3/3 levels left

rFire    . . .     SeeInvis .   a - +1 falchion
rCold    . . .     Gourm    .   m - +0 large shield (curse)
rNeg     . . .     Faith    .   b - +0 leather armour
rPois    .         Spirit   +   (no helmet)
rElec    .         Reflect  .   (no cloak)
rCorr    .         Harm     .   (no gloves)
MR       .....                  (no boots)
Stlth    +.........             (no amulet)
HPRegen  0.11/turn              (no ring)
MPRegen  0.20/turn              (no ring)

@: corroded
A: magic shield, magic regeneration
a: Depart the Abyss, Bend Space, Renounce Religion


You were on level 3 of the Dungeon.
You worshipped Lugonu.
Lugonu was pleased with you.
You were not hungry.

You visited 1 branch of the dungeon, and saw 3 of its levels.
You visited the Abyss 1 time.

You collected 153 gold pieces.

Inventory:

Hand Weapons
 a - a +1 falchion (weapon)
 f - a +0 hunting sling
 q - a +0 dagger of speed
Missiles
 e - 43 stones (quivered)
 o - 20 sling bullets
Armour
 b - a +0 leather armour (worn)
 m - a cursed +0 large shield (worn)
Scrolls
 d - 4 scrolls of identify {unknown}
 g - a scroll of immolation {unknown}
 h - a scroll of enchant weapon {unknown}
 i - 2 scrolls of remove curse {unknown}
 n - a scroll of enchant armour {unknown}
 p - a scroll of fog {unknown}
Potions
 j - a potion of invisibility {unknown}
 k - a potion of ambrosia {unknown}
 l - a potion of lignification {unknown}
 r - a potion of heal wounds {unknown}
 s - a potion of mutation {unknown}
Comestibles
 c - 4 rations


   Skills:
 + Level 3.4 Fighting
 + Level 2.3 Long Blades
 + Level 2.3 Armour
 - Level 1.3 Dodging
 + Level 0.7 Shields
 - Level 3.2 Invocations


You had 3 spell levels left.
You didn't know any spells.
Your spell library contained the following spells:

 Spells                   Type           Power        Failure   Level  Hunger
 Animate Skeleton         Necr           N/A          100%        1    ##.....
 Apportation              Tloc           #.....       100%        1    ##.....
 Confusing Touch          Hex            #.....       100%        1    ##.....
 Summon Small Mammal      Summ           #...         100%        1    ##.....


Dungeon Overview and Level Annotations

Branches:
Dungeon (3/15)

Altars:


Innate Abilities, Weirdness & Mutations

When hurt, damage is shared between your health and your magic reserves.
You regenerate magic rapidly.


Message History

You hit the hobgoblin but do no damage.
The hobgoblin is moderately wounded.
You block the hobgoblin's attack. x2
Your shield prevents you from hitting the hobgoblin.
The hobgoblin is moderately wounded.
The hobgoblin hits you with a club.
You hit the hobgoblin.
You kill the hobgoblin!
Lugonu accepts your kill.
You slash the jelly! The acid corrodes you!
Your hands burn!
The jelly is heavily wounded.
The jelly hits you.
You are splashed with acid!
The acid burns!
You hit the jelly but do no damage.
Your hands burn!
The jelly is heavily wounded.
The jelly hits you.
You are splashed with acid!
The acid burns!
* * * LOW HITPOINT WARNING * * *
The jelly hits you.
* * * LOW HITPOINT WARNING * * *
The acid corrodes you!
You are splashed with acid!
The acid burns!
You die...

#...........
..####...........
.................
#..###...........
# #...........
#...........
###(######## #J#
#@# .# #.# ..#
#.# #.# #.# #.#
#.# #.# #.# #.#
#.# ###.####.##
#.........#


You could see a jelly.

Vanquished Creatures
  3 adders (D:2)
  A worm (D:2)
  A dart slug (D:1)
  A ball python (D:1)
  9 bats
  A giant cockroach (D:1)
  5 goblins
  8 hobgoblins
  2 kobolds (D:1)
  A quokka (D:2)
  3 frilled lizards
  3 rats (D:2)
38 creatures vanquished.

Notes
Turn   | Place    | Note
-------+----------+-------------------------------------------
     0 | Abyss:1  | leisz the Demonspawn Abyssal Knight began the quest for the Orb.
     0 | Abyss:1  | Reached XP level 1. HP: 18/18 MP: 2/2
    20 | D:1      | Escaped the Abyss
    78 | D:1      | Reached skill level 1 in Dodging
   150 | D:1      | Gained mutation: When hurt, damage is shared between your health and your magic reserves. [demonic ancestry]
   150 | D:1      | Reached XP level 2. HP: 24/24 MP: 4/4
   798 | D:2      | Reached XP level 3. HP: 29/29 MP: 5/5
   848 | D:2      | Reached ** piety under Lugonu
  1169 | D:2      | Gained mutation: You regenerate magic rapidly. [demonic ancestry]
  1169 | D:2      | Reached XP level 4. HP: 20/35 MP: 3/6
  1546 | D:3      | Splashed by a jelly's acid

Skill      XL: |  1  2 |
---------------+-------+-----
Dodging        | 1 |  1.3
Long Blades    | 2 |  2.3
Armour         | 2 |  2.3
Invocations    | 3 |  3.2
Fighting       | |  3.4
Shields        | |  0.7

Action                   |  1- 3 |  4- 6 || total
-------------------------+-------+-------++-------
Melee: Falchion          |    94 |    11 ||   105
Throw: Stone             |    41 |     2 ||    43
 Stab: Sleeping          |       |     1 ||     1
  Eat: Chunk             |     1 |     1 ||     2
Armor: Leather armour    |    28 |       ||    28
Dodge: Dodged            |    42 |     3 ||    45
Block: Large shield      |    16 |     3 ||    19
       Rpst.: Falchion   |    16 |     1 ||    17
